 Dungeon Crawl Stone Soup version 0.31-a0-496-g6f97920a28 (webtiles) character file.

Game seed: 12563828104894012031

1134 zero the Carver (level 8, -23/73 HPs)
             Began as a Minotaur Gladiator on Aug 8, 2023.
             Was an Initiate of Ru.
             Annihilated by an ogre
             ... wielding a +0 giant club
              (30 damage)
             ... on level 5 of the Dungeon.
             The game lasted 00:04:31 (3706 turns).

zero the Carver (Minotaur Gladiator)                Turns: 3706, Time: 00:04:32

Health: -23/73     AC:  1    Str: 18    XL:     8   Next: 14%
Magic:  7/7        EV: 13    Int:  5    God:    Ru [......]
Gold:   219        SH:  0    Dex: 15    Spells: 7/7 levels left

rFire   . . .        a - +0 long sword
rCold   . . .        (no shield)
rNeg    . . .        (no body armour)
rPois   .            c - +1 hat
rElec   .            (no cloak)
rCorr   .            (no gloves)
SInv    .            (no boots)
Will    .....        m - amulet of the acrobat
Stlth   +            (no ring)
HPRegen 0.32/turn    (no ring)
MPRegen 0.10/turn

%: acrobat
@: no status effects
A: horns 2, retaliatory headbutt
a: Renounce Religion


You were on level 5 of the Dungeon.
You worshipped Ru.
Ru was noncommittal.
You visited 2 branches of the dungeon, and saw 6 of its levels.

You collected 219 gold pieces.

Inventory:

Hand Weapons
 a - a +0 long sword (weapon)
Missiles
 d - 3 throwing nets (quivered)
 e - a javelin
 g - 4 poisoned darts
Armour
 c - a +1 hat (worn)
 n - a +0 ring mail
 p - the +3 leather armour of New Discoveries {*Slow rC+ Will+ Stlth+}
   (You found it on level 5 of the Dungeon)

   rC:        It protects you from cold.
   *Slow:     It may slow you when you take damage.
   Will:      It increases your willpower.
   Stlth:     It makes you more stealthy.
Jewellery
 m - an amulet of the acrobat (around neck)
Scrolls
 f - 2 scrolls of teleportation
 i - a scroll of fear
 j - a scroll of blinking
Potions
 b - 3 potions of enlightenment
 h - a potion of ambrosia {unknown}
 k - 2 potions of curing
 l - a potion of haste {unknown}
 o - a potion of attraction


   Skills:
 + Level 7.3 Fighting
 - Level 10.0 Long Blades
 - Level 2.0 Throwing
 - Level 3.2 Dodging


You had 7 spell levels left.
You didn't know any spells.
Your spell library contained the following spells:

 Spells                   Type           Power      Damage    Failure   Level
 Kiss of Death            Conj/Necr      0%         2d5       47%         1
 Magic Dart               Conj           0%         1d3       47%         1
 Poisonous Vapours        Pois/Air       0%         N/A       63%         2
 Searing Ray              Conj           0%         2d4       63%         2
 Confusing Touch          Hex            0%         N/A       85%         3
 Mephitic Cloud           Conj/Pois/Air  0%         N/A       85%         3
 Dispel Undead            Necr           0%         3d6       99%         4
 Fulminant Prism          Conj/Hex       0%         3d5       99%         4
 Arcjolt                  Conj/Air       0%         1d10      100%        5
 Freezing Cloud           Conj/Ice/Air   0%         6-21      100%        5
 Iskenderun's Battlesphe  Conj           0%         2d6       100%        5


Dungeon Overview and Level Annotations

Branches:
Dungeon (5/15)             Temple (1/1) D:4

Altars:
Ashenzari
Cheibriados
Dithmenos
Elyvilon
Hepliaklqana
Makhleb
Nemelex Xobeh
Okawaru
Qazlal
Ru
Sif Muna
Vehumet
Wu Jian
Zin
The Shining One

Shops:
D:1 !:[(?


Innate Abilities, Weirdness & Mutations

You have a pair of horns on your head.
You reflexively headbutt those who attack you in melee.


Message History

You hit the hound.
You kill the hound!
No target in view!
No target in view!
No target in view!
No target in view!
No target in view!
No target in view!
No target in view!
No target in view!
No target in view!
No target in view!
No target in view!
No target in view!
No target in view!
No target in view!
No target in view!
No target in view!
You see here a hound corpse.
An ogre comes into view. It is wielding a +0 giant club.
You see here the +3 leather armour of New Discoveries {*Slow rC+ Will+ Stlth+}.
You start removing your armour.
You continue taking off your +0 ring mail. x3
The ogre closely misses you.
You continue taking off your +0 ring mail.
The ogre hits you with a +0 giant club!!
You finish taking off your +0 ring mail.
You slash the ogre!
The ogre is heavily wounded.
You hit the ogre.
The ogre is heavily wounded.
The ogre hits you with a +0 giant club!!!
Ouch! That really hurt!
* * * LOW HITPOINT WARNING * * *
You hit the ogre.
The ogre is severely wounded.
You hit the ogre. You headbutt the ogre.
The ogre is almost dead.
The ogre hits you with a +0 giant club!!
You die...

. #######.#
##
#.#.....#.#
..
..#.......
#. #.#.....#
##.
#.#..O..# ..
#.#.@...# #.
#.#.....#
#.##.#.....#
#.....†....#
#..#..######
#.<#..#
#.......#..#
#.####.##...
#. ##.#.


You could see an ogre.

Vanquished Creatures
  Pikel (D:3)
  Grinder (D:3)
  Sigmund (D:3)
  4 lemures (D:3)
  A hound (D:5)
  Ijyb (D:2)
  2 sleepcaps (D:4)
  Natasha (thrice) (D:4)
  An orc wizard (D:4)
  7 adders
  2 worms
  A dart slug (D:4)
  12 orcs
  9 endoplasms
  8 hobgoblins
  5 kobolds
  6 ball pythons
  3 bats
  3 frilled lizards
  9 goblins
  3 rats
83 creatures vanquished.

Notes
Turn   | Place    | Note
-------+----------+-------------------------------------------
     0 | D:1      | zero the Minotaur Gladiator began the quest for the Orb.
     0 | D:1      | Reached XP level 1. HP: 18/18 MP: 0/0
    12 | D:1      | Found Samaanuf's Antique Armour Boutique.
    83 | D:1      | Found Jina's Book Emporium.
    89 | D:1      | Reached skill level 4 in Long Blades
   130 | D:1      | Found Ynerghug's Antique Weapon Shoppe.
   190 | D:1      | Found Bytevvei's Magic Scroll Shop.
   228 | D:1      | Reached XP level 2. HP: 25/25 MP: 1/1
   228 | D:1      | Found a faded altar of an unknown god.
   324 | D:1      | Found Gegom's Distillery.
   652 | D:2      | Found a white marble altar of Elyvilon.
   684 | D:2      | Reached XP level 3. HP: 20/31 MP: 2/2
  1256 | D:3      | Reached skill level 5 in Long Blades
  1390 | D:3      | Noticed Ijyb
  1644 | D:3      | Noticed Sigmund
  1743 | D:3      | Killed Sigmund
  1744 | D:3      | Reached skill level 6 in Long Blades
  1744 | D:3      | Reached XP level 4. HP: 17/41 MP: 3/3
  1744 | D:3      | Reached XP level 5. HP: 19/47 MP: 4/4
  2308 | D:3      | Noticed Grinder
  2312 | D:3      | Paralysed by Grinder for 2 turns
  2328 | D:3      | Paralysed by Grinder for 5 turns
  2342 | D:3      | Killed Grinder
  2343 | D:3      | Reached skill level 5 in Fighting
  2343 | D:3      | Reached skill level 7 in Long Blades
  2343 | D:3      | Reached XP level 6. HP: 37/56 MP: 5/5
  2513 | D:4      | Noticed Natasha
  2518 | D:4      | Killed Natasha
  2554 | D:4      | Found a staircase to the Ecumenical Temple.
  2561 | D:4      | Got the Monograph on Violence
  2592 | Temple   | Entered the Ecumenical Temple
  2678 | Temple   | Became a worshipper of Ru the Awakened
  2723 | D:4      | Reached skill level 8 in Long Blades
  2730 | D:4      | Noticed Natasha
  2737 | D:4      | Killed Natasha
  2738 | D:4      | Reached XP level 7. HP: 50/61 MP: 6/6
  2805 | D:4      | Noticed Pikel
  3027 | D:2      | Killed Ijyb
  3156 | D:3      | Killed Pikel
  3157 | D:3      | Reached skill level 9 in Long Blades
  3198 | D:4      | Reached XP level 8. HP: 71/71 MP: 7/7
  3200 | D:4      | Noticed Natasha
  3205 | D:4      | Killed Natasha
  3402 | D:4      | Reached skill level 10 in Long Blades
  3681 | D:5      | Entered Level 5 of the Dungeon
  3697 | D:5      | Identified the +3 leather armour of New Discoveries {*Slow
                  | rC+ Will+ Stlth+}
  3706 | D:5      | Annihilated by an ogre

Illustrated notes

Levels and vault maps discovered:
D:1:      saegor_arrival_simple_c, layout_rooms, serial_shops, shop, shop,
          nicolae_shop_hallway_plus, nicolae_book_shop_shelving, shop_statue,
          chequers_ecumenical_altar_simple_redux, minivault_23, st_stairs_11,
          grunt_decor_clamped
D:2:      layout_loops_ring, basic_altar, st_stairs_5
D:3:      layout_loops_ring, corexii_item_surrounded_by_moat,
          minmay_misc_feat_tiny, uniq_ijyb, uniq_grinder, uniq_sigmund
D:4:      layout_cave_pools, temple_fountains, uniq_pikel, uniq_natasha
D:5:      layout_basic, cheibrodos_sewer_entry_bend, kennysheep_generic_room_11,
          uniq_blork_the_orc
Temple:   compressed_dpeg_circular_temple

Skill      XL: |  1  2  3  4  5  6  7  8 |
---------------+-------------------------+-----
Long Blades    | 4 6 7 8 9 10 | 10.0
Fighting       | 3 4 5 6 7 |  7.3
Throwing       | |  2.0
Dodging        | |  3.2

Action                     |  1- 3 |  4- 6 |  7- 9 || total
---------------------------+-------+-------+-------++-------
  Melee: Long sword        |    80 |    49 |    66 ||   195
         Headbutt          |    11 |    12 |    12 ||    35
  Throw: Dart              |       |     4 |       ||     4
         Throwing net      |       |     4 |       ||     4
         Javelin           |       |     1 |       ||     1
    Use: Scroll            |       |     9 |     2 ||    11
 Armour: Leather armour    |    11 |       |       ||    11
         Ring mail         |     4 |    15 |    12 ||    31
  Dodge: Dodged            |    58 |    36 |    60 ||   154

Table legend: (Time is in decaauts)
 A = Elapsed time spent in this place.
 B = Non-inter-level travel time spent in this place.
 C = Inter-level travel time spent in this place.
 D = Time resting spent in this place.
 E = Time spent auto-exploring this place.
 F = Levels seen in this place.
 G = Mean time per level.
                   A        B        C        D        E       F      G
               +--------+--------+--------+--------+--------+-----+--------+
         Total |   3739 |   3564 |    175 |    795 |   2102 |   6 |  623.2 |
       Dungeon |   3623 |   3507 |    116 |    795 |   2046 |   5 |  724.6 |
        Temple |    116 |     57 |     59 |      0 |     56 |   1 |  116.0 |
               +--------+--------+--------+--------+--------+-----+--------+

Top non-repeatable levels by time:
     D:3: 1308 daAuts
     D:2: 975 daAuts
     D:4: 715 daAuts
     D:1: 599 daAuts
  Temple: 116 daAuts
     D:5: 24 daAuts
